 Dungeon Crawl Stone Soup version 0.19.5 (webtiles) character file.

1471 equalderp2856 the Gouger (level 8, -1/36 HPs)
             Began as a Felid Fighter on Mar 4, 2017.
             Slain by a komodo dragon (28 damage)
             ... on level 9 of the Dungeon.
             The game lasted 00:55:26 (18821 turns).

equalderp2856 the Gouger (Felid Fighter)           Turns: 18821, Time: 00:55:26

Health: -1/36      AC:  2    Str: 13    XL:     8   Next: 49%
Magic:  12/12      EV: 25    Int: 11    God:
Gold:   486        SH:  0    Dex: 17    Spells: 1 memorised, 9 levels left
                                        Lives:  0   Deaths: 3

rFire  . . .     SeeInvis +       - Unarmed
rCold  . . .     Gourm    .     (armour unavailable)
rNeg   . . .     Faith    .     (shield unavailable)
rPois  .         Spirit   .     (helmet unavailable)
rElec  .         Reflect  .     (cloak unavailable)
rCorr  .         Harm     .     (gloves unavailable)
MR     +....                    (boots unavailable)
Stlth  +++++.....               (no amulet)
                                (no ring)
                                (no ring)

@: quick
A: no armour, no weapons or thrown items, stealth, claws 1, fangs 3, see
invisible, carnivore 3, speed 1, shaggy fur 2, slow metabolism 1, sharp paws
a: no special abilities


You were on level 9 of the Dungeon.
You were not hungry.

You visited 1 branch of the dungeon, and saw 9 of its levels.

You collected 486 gold pieces.

Inventory:

Missiles
 k - 145 arrows
Jewellery
 l - an uncursed amulet of rage
 m - an uncursed ring of fire
 p - an uncursed ring of see invisible
Wands
 y - a wand of confusion (27/48)
 z - a wand of enslavement (3/24)
Scrolls
 c - 12 scrolls of identify
 d - a scroll of fear
 e - 4 scrolls of magic mapping
 f - a scroll of fog
 o - 5 scrolls of remove curse
 q - a scroll of enchant weapon {unknown}
 s - a scroll of brand weapon {unknown}
 w - a scroll of noise
 x - a scroll of teleportation
Potions
 a - 5 potions of might
 g - a potion of flight
 n - 3 potions of berserk rage {unknown}
 t - a potion of ambrosia {unknown}
 u - a potion of degeneration {unknown}
Books
 h - a book of Changes

   Spells                             Type                      Level
   a - Beastly Appendage              Transmutation                1
   b - Sticks to Snakes               Transmutation                2
   c - Spider Form                    Transmutation/Poison         3
   d - Ice Form                       Ice/Transmutation            4
   e - Blade Hands                    Transmutation                5
 j - a Young Poisoner's Handbook

   Spells                             Type                      Level
   a - Sting                          Conjuration/Poison           1
   b - Mephitic Cloud                 Conjuration/Poison/Air       3
   c - Olgreb's Toxic Radiance        Poison                       4
   d - Alistair's Intoxication        Transmutation/Poison         5
   e - Venom Bolt                     Conjuration/Poison           5
Comestibles
 b - 6 meat rations
 i - 7 bread rations
 r - 2 beef jerkies
 v - 7 royal jellies


   Skills:
 + Level 4.6 Fighting
 + Level 9.6 Dodging
 + Level 9.8 Stealth
 + Level 12.2 Unarmed Combat
 + Level 2.3 Spellcasting
 - Level 1.4 Transmutations


You had 9 spell levels left.
You knew the following spells:

 Your Spells              Type           Power        Failure   Level  Hunger
a - Sticks to Snakes      Tmut           #.......     24%         2    ###....


Dungeon Overview and Level Annotations

Branches:
Dungeon (9/15)             Temple (0/1) D:7
   Lair: D:8-11         Orc: D:9-12

Altars:
Elyvilon
Fedhas
Hepliaklqana
Makhleb
Nemelex Xobeh
Okawaru
Sif Muna
Vehumet
Zin

Shops:
D:4 =

Annotations:
D:6 Typee's ghost, novice OpCj


Innate Abilities, Weirdness & Mutations

You cannot wear armour.
You are incapable of wielding weapons or throwing items.
Your paws allow you to move quietly. (Stealth)
You have sharp claws.
You have razor-sharp teeth.
You have supernaturally acute eyesight. (SInv)
You are carnivorous and can eat meat at any time.
You cover ground quickly.
You are covered in thick fur. (AC +2)
You have a slow metabolism.
Your sharp claws are effective at attacking unaware monsters.


Message History

You claw the komodo dragon, but do no damage.
You bite the komodo dragon, but do no damage.
The komodo dragon is moderately wounded.
The komodo dragon bites you!
You closely miss the komodo dragon.
The komodo dragon is moderately wounded.
You scratch the komodo dragon.
The komodo dragon is moderately wounded.
The komodo dragon completely misses you.
You scratch the komodo dragon.
The komodo dragon is heavily wounded.
The komodo dragon completely misses you.
You closely miss the komodo dragon.
The komodo dragon is heavily wounded.
The komodo dragon misses you.
You barely miss the komodo dragon.
The komodo dragon is heavily wounded.
The komodo dragon bites you!!
Ouch! That really hurt!
You die...

#.#
#.##o#..>##########.....
#.#
#.##.##...h.........###.
#.# #.##
########.......... ###
### ###.######. #.# ##
#.# #.# ##### ### #.#
#l@.###.###.#
#...###.......[# #..##
#.####.#### . ### ###


You could see a komodo dragon.

Vanquished Creatures
  Joseph (D:8)
  A queen bee (D:9)
  Prince Ribbit (D:8)
  Grinder (D:3)
  A hippogriff (D:7)
  Eustachio (D:6)
  A water moccasin (D:7)
  Duvessa (D:7)
  A sky beast (D:8)
  3 orc warriors
  2 black bears
  An ice beast (D:9)
  An ogre (D:8)
  A phantom (D:5)
  4 centaurs
  Blork the orc (D:6)
  8 bullfrogs
  A wyvern zombie (D:9)
  A gnoll sergeant (D:8)
  Dowan (D:7)
  3 scorpions
  A wyvern skeleton (D:9)
  4 wights (D:8)
  15 killer bees
  A howler monkey (D:5)
  4 crimson imps
  3 hounds
  4 jellies
  2 bullfrog skeletons
  An orc priest (D:6)
  4 centaur skeletons
  10 orc wizards
  Jessica (D:3)
  6 iguanas
  4 worker ants
  A hound skeleton (D:7)
  13 adders
  12 gnolls
  2 shadow imps
  2 adder skeletons (D:8)
  An adder zombie (D:8)
  A worm (D:3)
  2 dart slugs
  5 leopard geckos
  42 orcs
  9 giant cockroaches
  9 goblins
  3 hobgoblins
  8 jackals
  6 quokkas
  2 ball pythons (D:1)
  11 bats
  8 frilled lizards
  A giant cockroach zombie (D:6)
  A jackal skeleton (D:5)
  7 kobolds
  14 rats
256 creatures vanquished.

Vanquished Creatures (collateral kills)
  A hippogriff (D:8)
1 creature vanquished.

Grand Total: 257 creatures vanquished

Notes
Turn   | Place    | Note
-------+----------+-------------------------------------------
     0 | D:1      | equalderp2856 the Felid Fighter began the quest for the Orb.
     0 | D:1      | Reached XP level 1. HP: 10/10 MP: 2/2
   309 | D:1      | Reached XP level 2. HP: 14/14 MP: 3/3
   965 | D:1      | Reached XP level 3. HP: 14/17 MP: 4/4
  1595 | D:2      | Reached skill level 1 in Stealth
  1939 | D:2      | Reached XP level 4. HP: 6/21 MP: 5/5
  2685 | D:2      | Reached skill level 5 in Unarmed Combat
  2740 | D:2      | Reached skill level 5 in Dodging
  3066 | D:2      | Found an iron altar of Okawaru.
  3082 | D:2      | Found a deep blue altar of Sif Muna.
  3456 | D:3      | Reached XP level 5. HP: 24/24 MP: 6/6
  3792 | D:3      | Noticed Jessica
  3815 | D:3      | Killed Jessica
  4268 | D:3      | Gained mutation: You are covered in thick fur. (AC +2) [Felid growth]
  4268 | D:3      | Reached XP level 6. HP: 9/28 MP: 7/7
  4518 | D:3      | Noticed Grinder
  4519 | D:3      | Found a blossoming altar of Fedhas.
  4549 | D:3      | Killed Grinder
  4549 | D:3      | Reached skill level 6 in Unarmed Combat
  5059 | D:4      | Reached XP level 7. HP: 31/31 MP: 8/8
  5189 | D:4      | Found Poheb's Jewellery Boutique.
  5964 | D:4      | Found a hazy altar of Hepliaklqana.
  6219 | D:4      | Reached skill level 7 in Unarmed Combat
  6387 | D:5      | Entered Level 5 of the Dungeon
  7670 | D:5      | Reached skill level 5 in Stealth
  7805 | D:5      | Found a radiant altar of Vehumet.
  7858 | D:6      | Noticed Typee's ghost (novice OpCj)
  7884 | D:6      | Killed from afar by Typee's ghost
  7885 | D:6      | Reached XP level 6. HP: -1/28 MP: 7/7
  8040 | D:6      | HP: 1/28 [centaur/arrow (17)]
  8048 | D:6      | Reached skill level 8 in Unarmed Combat
  8048 | D:6      | Reached XP level 7. HP: 15/31 MP: 8/8
  8585 | D:6      | Noticed Eustachio
  8599 | D:6      | Killed Eustachio
  9071 | D:6      | Noticed Blork the orc
  9849 | D:6      | Reached skill level 9 in Unarmed Combat
  9849 | D:6      | Reached XP level 8. HP: 12/36 MP: 9/9
 10071 | D:7      | Noticed Dowan
 10073 | D:7      | Noticed Duvessa
 10740 | D:6      | Killed Blork the orc
 10984 | D:7      | Learned a level 2 spell: Sticks to Snakes
 10993 | D:7      | Noticed a hippogriff
 11322 | D:7      | Killed a hippogriff
 11503 | D:7      | Found a staircase to the Ecumenical Temple.
 11567 | D:7      | Killed Duvessa
 11601 | D:7      | Killed Dowan
 11601 | D:7      | Reached skill level 1 in Spellcasting
 12244 | D:7      | Reached skill level 10 in Unarmed Combat
 12249 | D:7      | Found a burning altar of Makhleb.
 12258 | D:7      | Found a glowing silver altar of Zin.
 12259 | D:7      | Noticed an angel
 12259 | D:7      | Noticed a balrug
 12387 | D:7      | Reached XP level 9. HP: 9/39 MP: 12/12
 12841 | D:7      | Reached skill level 1 in Transmutations
 13447 | D:8      | Noticed Prince Ribbit
 13475 | D:8      | Killed Prince Ribbit
 14412 | D:8      | Reached skill level 11 in Unarmed Combat
 14742 | D:8      | Found a white marble altar of Elyvilon.
 14942 | D:8      | Noticed Joseph
 14956 | D:8      | Killed Joseph
 15461 | D:8      | Found a sparkling altar of Nemelex Xobeh.
 15956 | D:8      | Reached XP level 10. HP: 15/43 MP: 14/14
 17739 | D:9      | Reached skill level 12 in Unarmed Combat
 18387 | D:9      | HP: 1/43 [orc priest/divine providence (12)]
 18388 | D:9      | Succumbed to a killer bee's poison
 18389 | D:9      | Reached XP level 9. HP: 0/39 MP: 13/13
 18799 | D:9      | Slain by an orc warrior
 18800 | D:9      | Reached XP level 8. HP: -4/36 MP: 12/12
 18807 | D:9      | Noticed a komodo dragon
 18821 | D:9      | Slain by a komodo dragon

Skill      XL: |  1  2  3  4  5  6  7  8  9 10 |
---------------+-------------------------------+-----
Stealth        | 1 2 3 6 7 9 |  9.8
Unarmed Combat | 5 8 9 10 11 12 | 12.2
Dodging        | 5 7 8 9 |  9.6
Fighting       | 4 |  4.6
Spellcasting   | 1 2 |  2.3
Transmutations | 1 |  1.4

Action                   |  1- 3 |  4- 6 |  7- 9 | 10-12 || total
-------------------------+-------+-------+-------+-------++-------
Melee: Unarmed           |    99 |   179 |   523 |   122 ||   923
       Bite              |     7 |    16 |    61 |    14 ||    98
       Punch             |     2 |     2 |    25 |     3 ||    32
 Cast: Sticks to Snakes  |       |       |     7 |     2 ||     9
  Use: Potion            |     2 |     2 |     3 |     1 ||     8
       Scroll            |       |       |    15 |       ||    15
 Stab: Sleeping          |     5 |     1 |    16 |       ||    22
       Distracted        |       |       |     5 |     4 ||     9
  Eat: Chunk             |     8 |     5 |    16 |     9 ||    38
       Meat ration       |       |       |     1 |       ||     1
       Royal jelly       |       |       |     1 |       ||     1
Armor: Skin              |    12 |     5 |    15 |       ||    32
Dodge: Dodged            |   110 |   157 |   382 |   141 ||   790
